 Dungeon Sprint DCSS version 0.20-a0-1009-gc986637 (webtiles) character file.

10054 Roshambo the Demonic Cataclysm (level 11, -29/92 HPs)
             Began as a Demonspawn Gladiator on Apr 14, 2017.
             Was a High Priest of Qazlal.
             Annihilated by an orc knight
             ... wielding a +0 great mace
              (36 damage)
             ... in the Dungeon (Sprint IX: "|||||||||||||||||||||||||||||").
             The game lasted 00:04:25 (1697 turns).

Roshambo the Demonic Cataclysm (DsGl)               Turns: 1697, Time: 00:04:25

Health: -29/92     AC: 18    Str: 18    XL:     11   Next: 31%
Magic:  17/23      EV: 18    Int: 10    God:    Qazlal [*****.]
Gold:   1272       SH:  7    Dex: 17    Spells: 10/10 levels left

rFire    . . .     SeeInvis .   o - +0 lajatang
rCold    . . .     Gourm    .   (shield currently unavailable)
rNeg     . . .     Faith    .   r - +1 scale mail
rPois    .         Spirit   .   c - +0 helmet
rElec    .         Reflect  .   (no cloak)
rCorr    .         Harm     .   v - +0 pair of gloves
MR       .....     NoTele   +   (boots unavailable)
Stlth    ..........             (no amulet)
Regen    0.3/turn               s - +2 ring of evasion
MPRegen  0.2/turn               t - +3 ring of strength

@: protected from physical damage, repel missiles
A: hooves 3, slimy green scales 2
a: Upheaval, Elemental Force, Disaster Area, Renounce Religion


You were in the Dungeon.
You worshipped Qazlal.
Qazlal was extremely pleased with you.
You were not hungry.

You visited 1 branch You collected 1272 gold pieces.

Inventory:

Hand Weapons
 o - a +0 lajatang (weapon)
Missiles
 d - 3 throwing nets (quivered)
Armour
 c - a +0 helmet (worn)
 r - a +1 scale mail (worn)
 v - a +0 pair of gloves (worn)
Jewellery
 s - a +2 ring of evasion (left hand)
 t - a +3 ring of strength (right hand)
Wands
 n - a wand of lightning (0/15)
Scrolls
 j - 2 scrolls of identify
 k - a scroll of blinking
 l - 5 scrolls of remove curse
 m - 2 scrolls of amnesia
 p - 2 scrolls of enchant armour
Potions
 a - a potion of resistance
 b - a potion of brilliance
 e - 6 potions of curing
 g - a potion of heal wounds
 i - 4 potions of magic
Comestibles
 f - 12 bread rations
 h - 40 fruits
 u - 12 meat rations


   Skills:
 + Level 10.4 Fighting
 + Level 15.3 Staves
 - Level 1.7 Throwing
 + Level 10.4 Armour
 + Level 9.3 Dodging
 * Level 16.9 Invocations


You had 10 spell levels left.
You didn't know any spells.

Dungeon Overview and Level Annotations

Branches:
Dungeon (1/1)

Altars:
Cheibriados
Dithmenos
Elyvilon
Fedhas
Gozag
Hepliaklqana
Kikubaaqudgha
Makhleb
Nemelex Xobeh
Okawaru
Qazlal
Ru
Sif Muna
Trog
Uskayaw
Vehumet
Wu Jian
Xom
Yredelemnul
Zin
The Shining One
Beogh
Jiyva
Lugonu

Shops:
D (


Innate Abilities, Weirdness & Mutations

You have hooves in place of feet.
You are mostly covered in slimy green scales. (AC +3)


Message History

a great sword; a chain mail; 50 gold pieces; an orc corpse You hit the orc knight.
Your kick misses the orc knight.
The orc knight is severely wounded.
The orc knight closely misses you.
You slash the orc knight!
You kick the orc knight, but do no damage.
The orc knight is almost dead.
You barely miss the orc knight.
You kick the orc knight, but do no damage.
The orc knight is almost dead.
The orc knight hits you with a great mace!!!
* * * LOW HITPOINT WARNING * * *
You hit the orc knight but do no damage.
You kick the orc knight, but do no damage.
The orc knight is almost dead.
You hit the orc knight but do no damage.
You kick the orc knight, but do no damage.
The orc knight is almost dead.
The orc knight hits you with a great mace!!!
You die...

▓▓▓▓▓▓▓▓▓▓▓▓▓▓▓▓▓▓▓▓▓▓▓▓
...'))))[)).≈...@oo$)≈oo
▓▓▓▓▓▓▓▓▓▓▓▓▓▓▓▓▓▓▓▓▓▓▓▓▓▓▓▓▓▓▓▓▓
.................................
▓▓▓▓▓▓▓▓▓▓▓▓▓▓▓▓▓▓▓▓▓▓▓▓▓▓▓▓▓▓▓▓▓
.÷....≈'†≈≈.†≈≈.†.†.††......(.'..
▓▓▓▓▓▓▓▓▓▓▓▓▓▓▓▓▓▓▓▓▓▓▓▓▓▓▓▓▓▓▓▓▓
.................................
▓▓▓▓▓▓▓▓▓▓▓▓▓▓▓▓▓▓▓▓▓▓▓▓▓▓▓▓▓▓▓▓▓
_________________'..|)....(')..[.


You could see 2 orc knights and 2 orc warriors.

Vanquished Creatures
  2 hydras (D)
  2 orc high priests (D)
  4 orc knights (D)
  An ugly thing (D)
  A black mamba (D)
  2 spiny frogs (D)
  4 polar bears (D)
  A hornet (D)
  A blink frog (D)
  A hippogriff (D)
  2 water moccasins (D)
  2 porcupines (D)
  4 black bears (D)
  13 orc warriors (D)
  A sky beast (D)
  A wolf (D)
  A centaur (D)
  3 crocodiles (D)
  A big kobold (D)
  5 bullfrogs (D)
  A crimson imp (D)
  7 orc priests (D)
  3 orc wizards (D)
  A worker ant (D)
  An adder (D)
  An adder skeleton (D)
  5 orcs (D)
  A bat skeleton (D)
  A hobgoblin (D)
  2 kobolds (D)
  A goblin (D)
  A rat (D)
77 creatures vanquished.

Notes
Turn   | Place    | Note
-------+----------+-------------------------------------------
     0 | D        | Roshambo the Demonspawn Gladiator began the quest for the Orb.
     0 | D        | Reached XP level 1. HP: 16/16 MP: 1/1
   264 | D        | Noticed a crimson imp
   264 | D        | Noticed a worker ant
   269 | D        | Reached skill level 5 in Staves
   269 | D        | Gained mutation: You have large cloven feet. [demonic ancestry]
   269 | D        | Reached XP level 2. HP: 22/22 MP: 2/2
   274 | D        | Gained mutation: You are partially covered in slimy green scales. (AC +2) [demonic ancestry]
   274 | D        | Reached XP level 3. HP: 27/27 MP: 3/3
   275 | D        | Gained mutation: You have hoof-like feet. [demonic ancestry]
   275 | D        | Reached XP level 4. HP: 33/33 MP: 4/4
   281 | D        | Found a roughly hewn altar of Beogh.
   281 | D        | Found a snail-covered altar of Cheibriados.
   281 | D        | Found a shadowy altar of Dithmenos.
   281 | D        | Found a white marble altar of Elyvilon.
   281 | D        | Found a blossoming altar of Fedhas.
   281 | D        | Found an opulent altar of Gozag.
   282 | D        | Found a hazy altar of Hepliaklqana.
   283 | D        | Found a viscous altar of Jiyva.
   284 | D        | Found an ancient bone altar of Kikubaaqudgha.
   285 | D        | Found a corrupted altar of Lugonu.
   286 | D        | Found a burning altar of Makhleb.
   287 | D        | Found a sparkling altar of Nemelex Xobeh.
   288 | D        | Found an iron altar of Okawaru.
   289 | D        | Found a stormy altar of Qazlal.
   290 | D        | Found a sacrificial altar of Ru.
   291 | D        | Found a deep blue altar of Sif Muna.
   292 | D        | Found a bloodstained altar of Trog.
   293 | D        | Found a hide-covered altar of Uskayaw.
   294 | D        | Found a radiant altar of Vehumet.
   295 | D        | Found an ornate altar of the Wu Jian Council.
   296 | D        | Found a shimmering altar of Xom.
   297 | D        | Became a worshipper of Qazlal Stormbringer
   298 | D        | Found a basalt altar of Yredelemnul.
   299 | D        | Found a glowing silver altar of Zin.
   300 | D        | Found a glowing golden altar of the Shining One.
   395 | D        | Noticed a centaur
   395 | D        | Noticed an orc warrior
   395 | D        | Noticed an orc warrior
   395 | D        | Noticed a water moccasin
   395 | D        | Noticed a bullfrog
   404 | D        | Killed a centaur
   404 | D        | Reached skill level 3 in Invocations
   404 | D        | Gained mutation: You are mostly covered in slimy green scales. (AC +3) [demonic ancestry]
   404 | D        | Reached XP level 5. HP: 27/40 MP: 4/7
   414 | D        | Killed an orc warrior
   414 | D        | Reached skill level 1 in Armour
   414 | D        | Reached skill level 5 in Invocations
   414 | D        | Reached * piety under Qazlal
   414 | D        | Gained mutation: You have hooves in place of feet. [demonic ancestry]
   414 | D        | Reached XP level 6. HP: 31/48 MP: 4/10
   415 | D        | Reached skill level 10 in Staves
   415 | D        | Reached skill level 5 in Dodging
   415 | D        | Reached skill level 6 in Invocations
   418 | D        | Killed an orc warrior
   423 | D        | Killed a water moccasin
   423 | D        | Reached ** piety under Qazlal
   423 | D        | Reached skill level 7 in Invocations
   423 | D        | Reached XP level 7. HP: 37/55 MP: 5/12
   523 | D        | Noticed a purple ugly thing
   523 | D        | Noticed a hornet
   544 | D        | Killed a purple ugly thing
   544 | D        | Reached skill level 5 in Fighting
   544 | D        | Reached skill level 8 in Invocations
   551 | D        | Reached skill level 9 in Invocations
   551 | D        | Reached XP level 8. HP: 60/64 MP: 12/14
   557 | D        | Reached *** piety under Qazlal
   568 | D        | Killed a hornet
   680 | D        | Noticed a six-headed hydra
   680 | D        | Noticed a six-headed hydra
   691 | D        | Reached **** piety under Qazlal
   691 | D        | Reached skill level 10 in Invocations
   693 | D        | HP: 3/65 [six-headed hydra (10)]
   695 | D        | Killed a six-headed hydra
   695 | D        | Reached skill level 11 in Invocations
   695 | D        | Reached XP level 9. HP: 24/72 MP: 15/17
   696 | D        | Noticed a black mamba
   697 | D        | HP: 1/72 [six-headed hydra (12)]
   710 | D        | Killed a ten-headed hydra
   710 | D        | Reached skill level 5 in Armour
   710 | D        | Reached skill level 12 in Invocations
   711 | D        | Reached ***** piety under Qazlal
   725 | D        | Killed a black mamba
   937 | D        | Noticed a spiny frog
   937 | D        | Noticed a spiny frog
   958 | D        | Killed a spiny frog
   958 | D        | Reached XP level 10. HP: 67/82 MP: 19/19
   961 | D        | Killed a spiny frog
   961 | D        | Reached skill level 13 in Invocations
   978 | D        | Reached ****** piety under Qazlal
   978 | D        | Reached skill level 15 in Staves
  1184 | D        | Noticed an orc knight
  1195 | D        | Killed an orc knight
  1195 | D        | Reached skill level 14 in Invocations
  1395 | D        | Noticed an orc knight
  1395 | D        | Noticed an orc high priest
  1395 | D        | Noticed an orc high priest
  1397 | D        | Killed an orc high priest
  1397 | D        | Reached skill level 10 in Fighting
  1397 | D        | Killed an orc high priest
  1397 | D        | Reached skill level 15 in Invocations
  1397 | D        | Reached XP level 11. HP: 59/90 MP: 20/22
  1410 | D        | Killed an orc knight
  1410 | D        | Reached skill level 10 in Armour
  1410 | D        | Reached skill level 16 in Invocations
  1685 | D        | Found Xaakucza's Antique Weapon Emporium.
  1685 | D        | Noticed an orc knight
  1685 | D        | Noticed an orc knight
  1685 | D        | Noticed an orc knight
  1687 | D        | Killed an orc knight
  1689 | D        | Noticed an orc knight
  1691 | D        | Killed an orc knight
  1697 | D        | Annihilated by an orc knight

Vault maps used:
D:        linesprint

Skill      XL: |  1  2  3  4  5  6  7  8  9 10 11 |
---------------+----------------------------------+-----
Staves         | 5 6 8 9 10 12 13 14 15 | 15.3
Dodging        | 3 4 5 6 7 8 9 |  9.3
Invocations    | 3 5 7 9 11 12 15 16 | 16.9
Fighting       | 3 4 5 7 8 10 | 10.4
Armour         | 1 2 3 4 6 9 10 | 10.4
Throwing       | |  1.7

Action                   |  1- 3 |  4- 6 |  7- 9 | 10-12 || total
-------------------------+-------+-------+-------+-------++-------
Melee: Quarterstaff      |    19 |       |       |       ||    19
       Kick              |     1 |     8 |    32 |    19 ||    60
       Lajatang          |       |    20 |    85 |    44 ||   149
Invok: Disaster Area     |       |       |       |     8 ||     8
Evoke: Wand              |       |     4 |    10 |       ||    14
  Use: Potion            |     1 |     3 |     7 |       ||    11
       Scroll            |       |       |     2 |       ||     2
 Stab: Invisible         |       |     4 |       |       ||     4
  Eat: Bread ration      |       |       |       |     1 ||     1
Armor: Leather armour    |     1 |       |       |       ||     1
       Scale mail        |       |     6 |    28 |     9 ||    43
Dodge: Dodged            |     3 |    16 |    71 |    10 ||   100
Block: Other             |       |       |    23 |     7 ||    30
